 Dungeon Crawl Stone Soup version 0.29-a0-553-g81b289dbe5 (webtiles) character file.

Game seed: 3499401503475560006

1008 Xenoroth98 the Geomancer (level 8, 27/57 (58) HPs)
             Began as a Meteoran Earth Elementalist on June 6, 2022.
             Quit the game on level 6 of the Dungeon.
             The game lasted 00:06:00 (2901 turns).

Xenoroth98 the Geomancer (MeEE)                     Turns: 2901, Time: 00:06:01

HP:   27/57 (58)    AC:  2    Str:  9    XL:     8   Next: 72%
MP:   13/19         EV: 13    Int: 20    God:
Gold: 190           SH:  0    Dex: 14    Spells: 6/21 levels left

rFire   . . .      SeeInvis .   e - +1 mace (drain)
rCold   . . .      Faith    .   (no shield)
rNeg    . . .      Spirit   .   b - +0 robe
rPois   .          Reflect  .   (no helmet)
rElec   .          Harm     .   (no cloak)
rCorr   .          Rampage  .   (no gloves)
Will    +....                   (no boots)
Stlth   +.........              (no amulet)
HPRegen 0.19/turn               (no ring)
MPRegen 0.16/turn               (no ring)

@: glowing, lightly drained
A: sense surroundings 1, otherworldly, glowing, explore regen
a: no special abilities


You were on level 6 of the Dungeon.
You visited 1 branch of the dungeon, and saw 6 of its levels.

You collected 190 gold pieces.

Inventory:

Hand Weapons
 e - a +1 mace of draining (weapon)
Missiles
 a - 69 stones
Armour
 b - a +0 robe (worn)
 t - a +0 pair of boots
Wands
 k - a wand of acid (9)
 w - a wand of flame (18)
Scrolls
 d - 4 scrolls of teleportation {unknown}
 f - a scroll of vulnerability {unknown}
 g - 7 scrolls of identify {unknown}
 m - 2 scrolls of enchant armour {unknown}
 o - a scroll of brand weapon {unknown}
 u - a scroll of magic mapping {unknown}
 x - a scroll of noise {unknown}
 y - a scroll of enchant weapon {unknown}
Potions
 c - a potion of magic
 h - a potion of degeneration {unknown}
 i - 2 potions of berserk rage {unknown}
 j - 2 potions of haste {unknown}
 l - a potion of attraction {unknown}
 n - a potion of might {unknown}
 p - a potion of resistance {unknown}
 q - a potion of mutation {unknown}
 r - a potion of curing {unknown}
 s - a potion of flight {unknown}
 v - 2 potions of heal wounds {unknown}


   Skills:
 - Level 0.7 Fighting
 - Level 0.4 Maces & Flails
 - Level 3.2 Dodging
 - Level 1.9 Stealth
 + Level 7.2 Spellcasting
 * Level 2.2 Conjurations
 * Level 2.6 Transmutations
 + Level 8.1 Earth Magic


You had 6 spell levels left.
You knew the following spells:

 Your Spells              Type           Power      Damage    Failure   Level
a - Sandblast             Erth           78%        2d17      1%          1
b - Stone Arrow           Conj/Erth      56%        3d10      3%          3
c - Petrify               Tmut/Erth      28%        N/A       10%         4
d - Passwall              Tmut/Erth      23%        N/A       1%          2
e - Irradiate             Conj/Tmut      8%         3d16      67%         5

Your spell library contained the following spells:

 Spells                   Type           Power      Damage    Failure   Level
 Sublimation of Blood     Necr           7%         N/A       14%         2
 Gell's Gravitas          Tloc           7%         N/A       28%         3
 Lesser Beckoning         Tloc           7%         N/A       28%         3
 Teleport Other           Tloc           7%         N/A       28%         3


Dungeon Overview and Level Annotations

Branches:
Dungeon (6/15)
 Temple: D:4-7

Altars:


Innate Abilities, Weirdness & Mutations

You passively map a small area around you.
You are easily found by Zot.
You glow in the dark.
You regain HP and MP as you explore.


Message History

The blast of sand misses the orc.
The jelly hits you.
You are splashed with acid!
The orc barely misses you. The orc priest closely misses you.
The blast of sand hits the orc priest!!
You kill the orc priest!
The jelly closely misses you.
An orc comes into view. It is wielding a +0 hand axe.
The orc misses you.
The blast of sand hits the jelly!!
You kill the jelly!
The orc closely misses you. x2
The blast of sand misses the orc.
The blast of sand hits the wight!
The wight is severely damaged.
The orc misses you.
An orc wizard comes into view. It is wielding a +0 dagger.
The orc completely misses you.
The blast of sand hits the wight!
The wight is heavily damaged.
The orc wizard shouts!
The orc misses you.
The orc wizard gestures wildly while chanting.
The orc wizard flickers and vanishes!
Deactivating autopickup; reactivate with Ctrl-A.
The wight hits you with a +4 long sword!
You feel drained. The orc hits you with a +0 morningstar!
The blast of sand hits the wight!
You destroy the wight!
An orc comes into view. It is wielding a +0 club.
The orc barely misses you.
The wight hits you with a +0 great sword.
You feel drained. The jelly hits you but does no damage.
Your Conjurations skill increases to level 2!
You are too injured to fight recklessly!
Unknown command.
You are too injured to fight recklessly!
Unknown command.
You are too injured to fight recklessly!
You are too injured to fight recklessly!
Unknown command.
Are you sure you want to abandon this character and quit the game? (Confirm with "yes".)

, , o...##
....... ,
......##.$.[...
,
...............
, , ,
............)..
,
....o..........
, ,
...............
, , ,
......o)J......
, , ,
*#..zo@.......
, *
#...z........ ,
* ##....##..##.
#...#. ## , , ,
#.... . , * ,
....## .# , ,
.#... , .# .#..
.. , , , , ,


You could see a jelly, 2 wights and 4 orcs.

Vanquished Creatures
  Eustachio (D:5)
  A steam dragon (D:5)
  A sky beast (D:5)
  An ice beast (D:4)
  An ogre (D:3)
  A scorpion (D:5)
  A wight (D:6)
  3 jellies
  An orc priest (D:6)
  Natasha (thrice) (D:2)
  An orc wizard (D:4)
  6 adders
  An ufetubus (D:5)
  A worm (D:2)
  3 dart slugs
  4 orcs
  8 endoplasms
  3 giant cockroaches
  7 goblins
  4 hobgoblins
  6 quokkas
  A ball python (D:1)
  5 bats
  5 frilled lizards
  3 kobolds
  6 rats
78 creatures vanquished.

Notes
Turn   | Place    | Note
-------+----------+-------------------------------------------
     0 | D:1      | Xenoroth98 the Meteoran Earth Elementalist began the quest
                  | for the Orb.
     0 | D:1      | Reached XP level 1. HP: 14/14 MP: 5/5
   134 | D:1      | Reached XP level 2. HP: 20/20 MP: 4/6
   214 | D:1      | Reached skill level 4 in Earth Magic
   255 | D:1      | Reached XP level 3. HP: 26/26 MP: 6/8
   352 | D:3      | Found a faded altar of an unknown god.
   830 | D:2      | Noticed Natasha
   836 | D:2      | Killed Natasha
   837 | D:2      | Reached XP level 4. HP: 20/33 MP: 5/10
  1044 | D:2      | Learned a level 3 spell: Stone Arrow
  1049 | D:2      | Learned a level 4 spell: Petrify
  1052 | D:2      | Learned a level 2 spell: Passwall
  1224 | D:2      | Noticed Natasha
  1229 | D:2      | Killed Natasha
  1230 | D:2      | Reached skill level 5 in Earth Magic
  1230 | D:2      | Reached XP level 5. HP: 35/38 MP: 6/12
  1347 | D:2      | Noticed Natasha
  1353 | D:2      | Killed Natasha
  1553 | D:3      | Noticed an ogre
  1557 | D:3      | Killed an ogre
  1558 | D:3      | Reached skill level 5 in Spellcasting
  1558 | D:3      | Reached XP level 6. HP: 45/45 MP: 5/14
  2042 | D:4      | Reached skill level 6 in Earth Magic
  2046 | D:4      | Noticed an ice beast
  2053 | D:4      | Killed an ice beast
  2054 | D:4      | Reached XP level 7. HP: 24/50 MP: 3/16
  2290 | D:4      | Glimpsed the power of Zot.
  2301 | D:5      | Entered Level 5 of the Dungeon
  2339 | D:5      | Noticed a steam dragon
  2339 | D:5      | Noticed Eustachio
  2343 | D:5      | Killed a steam dragon
  2344 | D:5      | Reached skill level 7 in Earth Magic
  2351 | D:5      | Killed Eustachio
  2352 | D:5      | Reached XP level 8. HP: 55/58 MP: 5/19
  2495 | D:5      | Learned a level 5 spell: Irradiate
  2700 | D:5      | Reached skill level 1 in Conjurations
  2700 | D:5      | Reached skill level 8 in Earth Magic
  2886 | D:5      | Glimpsed the power of Zot.
  2901 | D:6      | Quit the game

Illustrated notes

Levels and vault maps discovered:
D:1:      nicolae_arrival_somewhat_less_tricky_arrival, layout_rooms
D:2:      layout_basic, hangedman_decor_slide_cut,
          chequers_serial_rivers_small_b, uniq_natasha
D:3:      layout_loops_ring, hellmonk_ecumenical_altar_blasted
D:4:      layout_rooms
D:5:      layout_rooms, kennysheep_generic_room_6, uniq_blork_the_orc,
          uniq_eustachio
D:6:      layout_cave_pools, minmay_temple_entry_drinking_statues,
          nicolae_wooded_promenade, uniq_pikel

Skill      XL: |  1  2  3  4  5  6  7  8 |
---------------+-------------------------+-----
Earth Magic    | 4 5 6 7 8 |  8.1
Spellcasting   | 3 4 5 6 7 |  7.2
Dodging        | 3 |  3.2
Conjurations   | 2 |  2.2
Transmutations | 2 |  2.6
Fighting       | |  0.7
Maces & Flails | |  0.4
Stealth        | |  1.9

Action                   |  1- 3 |  4- 6 |  7- 9 || total
-------------------------+-------+-------+-------++-------
Melee: Mace              |     5 |     1 |    13 ||    19
 Cast: Sandblast         |    47 |    35 |    31 ||   113
       Stone Arrow       |       |     4 |     6 ||    10
Armor: Robe              |     6 |     2 |     6 ||    14
Dodge: Dodged            |     9 |    12 |    21 ||    42

Table legend: (Time is in decaauts)
 A = Elapsed time spent in this place.
 B = Non-inter-level travel time spent in this place.
 C = Inter-level travel time spent in this place.
 D = Time resting spent in this place.
 E = Time spent auto-exploring this place.
 F = Levels seen in this place.
 G = Mean time per level.
                   A        B        C        D        E       F      G
               +--------+--------+--------+--------+--------+-----+--------+
         Total |   2914 |   2831 |     83 |    601 |   1770 |   6 |  485.7 |
       Dungeon |   2914 |   2831 |     83 |    601 |   1770 |   6 |  485.7 |
               +--------+--------+--------+--------+--------+-----+--------+

Top non-repeatable levels by time:
     D:2: 878 daAuts
     D:1: 607 daAuts
     D:5: 596 daAuts
     D:3: 558 daAuts
     D:4: 264 daAuts
     D:6: 7 daAuts
